Celery, chaotic female human Rogue ----- -------........................... $ |...| ----|."...|......................... ! $ $ |...|---...|.....|....................... ` |.---......---..--..................... |...........(...|.................... ) ! |.....-----....--.................. =$ |--|---...|....| ............... * |.........---------....^....... * % |....|.....-......| ......... * |-----...^*--.I...| .NIN. $ |...........--....------|--- ! * % |............--......*.|.%.| $ |..........!..|........|...| $ ? ||-.---.---.--|.---.---|...| $ $ |.--|.---.--|.---.-|-..|---- |/..|....<..|..........| % ? |...|..|....|*.......I.| ( $ |...|---....|---.......|----- $ $ ----|.....---.....--.---(...-- $ ! ? |.............|.......I..| $ -------------------------- Celery the Pilferer Experience level: 13 Strength: 18/06 Dexterity: 18 Constitution: 18 Intelligence: 7 Wisdom: 13 Charisma: 9 Health: 0(109) Energy: 11(67) AC: 3 Gold: 0 Moves: 27312 Your Inventory: Weapons f - a blessed +5 elven dagger (weapon in hand) Armor I - an uncursed +1 small shield (being worn) K - a blessed rusty +3 pair of kicking boots of drain resistance and speed (being worn) N - an [uncursed +0] chain mail Scrolls A - 2 uncursed scrolls of teleportation Rings l - an uncursed ring of hunger u - an uncursed ring of free action y - an uncursed ring of fire resistance E - an uncursed ring of conflict F - an uncursed ring of sustain ability L - an uncursed ring of polymorph control (on right hand) R - an uncursed ring of regeneration Wands M - a blessed wand of polymorph (0:2) Tools e - a blessed +0 unicorn horn g - an uncursed stethoscope h - an uncursed skeleton key o - a blessed magic lamp (lit) s - an uncursed sack w - an uncursed magic whistle J - an uncursed towel Gems c - a cursed garnet stone m - an uncursed touchstone n - an uncursed emerald p - an uncursed ruby G - an uncursed aquamarine stone Y - a blessed luckstone Contents of the sack: 16744 gold pieces an uncursed +1 mummy wrapping 3 uncursed lizard corpses 2 uncursed tripe rations an uncursed scroll of destroy armor 4 blessed scrolls of enchant weapon an uncursed scroll of enchant weapon a blessed scroll of genocide an uncursed scroll of taming a cursed potion of gain level 7 potions of holy water an uncursed ring of poison resistance an uncursed wand of cancellation (0:5) an uncursed wand of cancellation (0:4) an uncursed wand of create monster (0:10) an [uncursed] wand of digging [0:8] an uncursed wand of teleportation (0:4) 3 uncursed amethyst stones an uncursed aquamarine stone 2 uncursed diamonds 5 uncursed emeralds an uncursed fluorite stone an uncursed garnet stone 6 uncursed jade stones an uncursed obsidian stone 3 uncursed rubies Spells known in the end: Name Level Category Fail Memory a - magic missile 2* attack 84% [........] b - clairvoyance 3 divination 80% [|.......] c - haste self 3 escape 100% [|.......] d - cure blindness 2 healing 84% [|.......] e - detect monsters 1 divination 77% [|.......] f - jumping 1 escape 77% [||......] g - detect unseen 3 divination 80% [|||.....] h - identify 3 divination 80% [|||.....] i - extra healing 3 healing 100% [|||||...] Your skills at the end: Fighting Skills body armor [Basic / Basic] shield [Skilled / Skilled] Weapon Skills dagger [Expert / Expert] short sword [Basic / Expert] Spellcasting Skills divination spells [Basic / Skilled] Final Attributes: You were piously aligned. Hunger level was 572. Your alignment was 146 / 146. Monster difficulty range was 3 - 16. Level difficulty was 20. You resisted fire. You resisted cold. You resisted sleep. You resisted poison. You were immune to level-drain. You were telepathic. You had automatic searching. You were invisible. You were stealthy. You had polymorph control. You were very fast. You were lucky (4). You had extra luck. Good luck did not time out for you. You are dead (3rd time!). Vanquished creatures: 26 guardian nagas Aphrodite a golden naga 2 vampires a locust 3 giant mimics 4 large mimics a long worm a stalker an air elemental a fire elemental 2 earth elementals 3 hill giants a black naga 6 giant zombies an elf-lord a winter wolf 6 small mimics a glass piercer 2 warhorses 2 xans an ettin mummy 3 quantum mechanics a troll a wood golem a shark a giant turtle a gelatinous cube 3 pyrolisks a freezing sphere 2 shocking spheres 2 large cats 2 tigers a gargoyle 2 dwarf kings 2 tengu 2 ochre jellies 3 red nagas a pit viper 2 cobras a wraith 5 ettin zombies a leather golem a Grey-elf 2 soldiers 2 watchmen 25 chameleons 3 giant beetles 2 wolves 2 lynxes 2 gremlins 2 spotted jellies 79 leprechauns an orc-captain a mumak 6 giant spiders 2 scorpions 7 horses 2 ice vortices 3 black lights 2 vampire bats 2 gnome kings 5 orc mummies 3 dwarf mummies 2 rust monsters 2 owlbears 2 yetis a Green-elf 4 lizards a dog 2 housecats 5 jaguars 2 dwarf lords 3 blue jellies 2 white unicorns a gray unicorn 3 dust vortices a raven 3 plains centaurs 6 gnome mummies 5 snakes 4 water moccasins 6 apes 8 human zombies 2 rope golems a Woodland-elf 3 soldier ants 2 fire ants 2 quasits 15 wood nymphs 24 water nymphs 13 mountain nymphs 10 Mordor orcs 4 Uruk-hai an orc shaman 6 rock piercers 2 enormous rats 5 rock moles 3 ponies 5 yellow lights 5 shriekers 2 violet fungi 19 gnome lords 4 kobold mummies 2 guardian naga hatchlings 3 gray oozes 7 elf zombies 5 ghouls a straw golem a paper golem 2 wax golems 2 baby crocodiles 16 giant ants a little dog 11 floating eyes 2 kittens 26 dwarves 2 homunculi a kobold shaman 14 hill orcs 11 rothes a rabid rat 3 giant bats a monkey 17 orc zombies 20 dwarf zombies 4 wererats 2 werejackals 4 muggers 8 iguanas 10 killer bees 3 acid blobs 3 coyotes 3 gas spores 14 hobbits 4 manes 2 large kobolds 7 hobgoblins 10 giant rats 2 brown molds 4 yellow molds a green mold 8 red molds 83 gnomes 17 garter snakes 6 gnome zombies 9 geckos 9 jackals 2 foxes 3 kobolds 2 goblins 5 sewer rats 13 grid bugs 5 bats 10 lichens 4 kobold zombies 6 newts 863 creatures vanquished. Genocided or extinct species: leprechauns (extinct) liches 1 species genocided. 2 species extinct. Voluntary challenges: You used a wielded weapon 1427 times. You read items or engraved 64 times. You put on armor 141 times. You genocided 1 type of monster. You polymorphed 35 items. You changed form 2 times. You used no wishes. You wrote Elbereth's name 5 times. You encountered 2 bones levels. You used 8 Sokoban shortcuts. Dungeon overview: The Dungeons of Doom: levels 1 to 15 Level 1 a long staircase Level 2 some fountains stairs to The Gnomish Mines Level 3 a general store Level 4 a music store Level 6 a fountain Level 5 many fountains Level 9 stairs to Sokoban Level 10 a fountain Level 11 a temple to Kos stairs to Town Level 13 a fountain, a sink Level 15 a fountain portal to The Quest The Gnomish Mines: levels 3 to 11 Level 3 stairs to The Dungeons of Doom Level 6 many shops, a temple, a magic chest, some fountains, many trees Level 11 some fountains The Quest: levels 1 to 6 Level 1 a magic chest portal to The Dungeons of Doom Level 6 <- You were here Sokoban: levels 6 to 8 Level 8 a magic chest stairs to The Dungeons of Doom Town: levels 8 to 10 Level 8 many shops, some fountains, a sink Level 9 many fountains, many trees Level 10 stairs to The Dungeons of Doom History has recorded: On T:1 you entered the Dungeons of Doom to retrieve the Amulet of Yendor! On T:308 you advanced to experience level 2. On T:439 you reached level 2 of The Dungeons of Doom. On T:598 you advanced to experience level 3. On T:878 you reached level 3 of The Dungeons of Doom. On T:998 you advanced to experience level 4. On T:1324 you advanced to experience level 5. On T:1673 you advanced to experience level 6. On T:2061 you reached level 4 of The Dungeons of Doom. On T:2873 you advanced to experience level 7. On T:2971 you reached level 5 of The Dungeons of Doom. On T:3322 you reached level 6 of The Dungeons of Doom. On T:3939 you advanced to experience level 8. On T:4087 you reached level 7 of The Dungeons of Doom. On T:4243 you were saved from death by your amulet of life saving! On T:4780 you reached level 1 of The Gnomish Mines. On T:5550 you reached level 2 of The Gnomish Mines. On T:5764 you reached level 4 of The Gnomish Mines. On T:5776 you advanced to experience level 9. On T:6666 you reached level 3 of The Gnomish Mines. On T:6855 you advanced to experience level 10. On T:6908 you reached level 5 of The Gnomish Mines. On T:7469 you reached level 6 of The Gnomish Mines. On T:8270 you reached level 7 of The Gnomish Mines. On T:9114 you reached level 8 of The Gnomish Mines. On T:9247 you reached level 9 of The Gnomish Mines. On T:9931 you advanced to experience level 11. On T:13419 you reached level 8 of The Dungeons of Doom. On T:13619 you reached level 9 of The Dungeons of Doom. On T:13638 you reached level 3 of Sokoban. On T:14644 you reached level 2 of Sokoban. On T:15678 you reached level 1 of Sokoban. On T:17830 you reached level 10 of The Dungeons of Doom. On T:17852 you advanced to experience level 12. On T:18136 you reached level 11 of The Dungeons of Doom. On T:18560 you reached level 3 of Town. On T:18719 you reached level 2 of Town. On T:19230 you killed Aphrodite on level 2 of Town. On T:19638 you reached level 1 of Town. On T:20388 you reached level 12 of The Dungeons of Doom. On T:20712 you reached level 13 of The Dungeons of Doom. On T:20846 you reached level 14 of The Dungeons of Doom. On T:21281 you reached level 15 of The Dungeons of Doom. On T:22118 you reached level 1 of The Quest. On T:23108 you were saved from death by your amulet of life saving! On T:23798 you embarked upon an epic quest. On T:23807 you genocided all liches On T:23994 you reached level 2 of The Quest. On T:24548 you reached level 3 of The Quest. On T:25496 you reached level 4 of The Quest. On T:25534 you advanced to experience level 13. On T:25782 you reached level 5 of The Quest. On T:26319 you reached level 6 of The Quest. Latest messages: It bites! The guardian naga bites! (2x) [HP-27=39] You are still in a pit. It hits! (2x) It just misses! It bites! The guardian naga bites! (2x) [HP-26=13] A - 3 uncursed scrolls of teleportation. [HP+4=17] As you read the scroll, it disappears. A mysterious force prevents you from teleporting! It hits! (3x) It bites! You die... Final status: Goodbye Celery the Rogue... You died in The Quest on dungeon level 6 with 18638 points, and 16744 pieces of gold, after 27312 moves. You were level 13 with a maximum of 109 hit points when you died.